Map: [ESL] Hecate

Players

Maru - Winner!

  • Race: Terran Terran
  • Spawn Location: 7:00

herO

  • Race: Protoss Protoss
  • Spawn Location: 1:00

Event: ESL SC2 Masters 2023 Winter (Finals)

VOD

Have the link to the VOD?

Description

Time

  • Played on: Dec. 16, 2023, 10:05 a.m.
  • Length: 20:10

All games in this series

Show
View Real Time Build Order
Export as new Build Order

Maru Terran - Winner!

Build Orders: Cyclone Opening 

Get SALT Encoding   

  12  0:00  SCV  
  13  0:12  SCV  
  14  0:17  Supply Depot  
  14  0:24  SCV  
  15  0:38  SCV  
  15  0:40  Barracks  
  15  0:42  Refinery  
  16  0:50  SCV  
  17  1:02  SCV  
  18  1:15  SCV  
  19  1:26  Marine  
  19  1:27  Orbital Command  
  20  1:38  Command Center  
  20  1:48  Factory  
  20  1:52  SCV  
  21  1:59  Supply Depot  
  21  2:02  Barracks Reactor  
  21  2:04  SCV  
  22  2:09  Refinery  
  22  2:16  SCV  
  23  2:28  SCV  
  24  2:32  Hellion  
  24  2:35  Starport  
  26  2:39  Marine x2  
  26  2:41  SCV  
  29  2:49  Orbital Command  
  29  2:53  SCV  
  29  2:57  Cyclone  
  32  2:59  Marine  
  32  3:01  Marine  
  32  3:05  SCV  
  35  3:12  Medivac  
  37  3:15  SCV  
  37  3:17  SCV  
  39  3:20  Marine  
  39  3:21  Supply Depot  
  40  3:27  SCV  
  43  3:35  SCV  
  43  3:36  Marine  
  43  3:37  Factory Tech Lab  
  43  3:38  Marine  
  43  3:39  SCV  
  43  3:45  Starport Tech Lab  
  43  3:46  Barracks  
  43  3:47  SCV  
  43  3:48  Supply Depot  
  44  3:51  SCV  
  44  3:53  Bunker  
  45  3:57  Siege Tank  
  45  4:00  SCV  
  49  4:03  Raven, SCV  
  49  4:06  Marine x2  
  54  4:12  Refinery  
  54  4:13  SCV  
  54  4:16  SCV  
  56  4:24  Marine x2  
  56  4:25  SCV  
  56  4:26  Supply Depot  
  56  4:28  SCV  
  60  4:32  Engineering Bay  
  60  4:36  Barracks  
  60  4:37  SCV  
  61  4:40  SCV  
  61  4:42  Stimpack  
  62  4:47  Marine, Supply Depot  
  62  4:50  Marine  
  62  4:51  Marine  
  62  4:52  SCV x2  
  67  4:54  Supply Depot  
  67  4:55  Starport Reactor, Factory Reactor  
  67  5:00  Terran Infantry Weapons Level 1  
  67  5:04  SCV  
  67  5:05  Marine  
  69  5:08  Marine  
  69  5:09  Marauder  
  69  5:11  Supply Depot  
  69  5:13  SCV  
  73  5:16  SCV  
  73  5:19  Supply Depot  
  74  5:29  Combat Shield, Marauder, Marine x2  
  74  5:30  Marauder  
  74  5:32  Medivac  
  82  5:38  Supply Depot  
  82  5:39  Widow Mine x2  
  82  5:42  Refinery  
  86  5:45  Medivac  
  86  5:47  Marine x2  
  90  5:53  Marauder x2  
  90  5:55  SCV  
  95  6:01  SCV  
  95  6:02  Widow Mine x2  
  99  6:08  SCV  
  99  6:11  Medivac  
  102  6:14  Supply Depot  
  102  6:17  Marine  
  102  6:18  Marauder x2, Marine  
  108  6:24  Concussive Shells  
  108  6:26  Supply Depot  
  108  6:31  Widow Mine  
  110  6:35  Medivac, Marine  
  110  6:39  Marauder x2  
  117  6:40  Supply Depot  
  117  6:58  Marine x2  
  117  7:00  Command Center, SCV x2  
  117  7:01  Marauder x2  
  125  7:03  Medivac  
  127  7:21  SCV x2  
  127  7:22  Barracks  
  124  7:23  Barracks, Viking  
  124  7:26  Widow Mine  
  124  7:27  Widow Mine  
  126  7:33  Marauder, Marine  
  126  7:34  Medivac  
  126  7:35  SCV  
  131  7:37  Marine  
  122  7:49  Marauder  
  122  7:50  Widow Mine  
  122  7:51  Widow Mine, Marine  
  127  7:53  Terran Infantry Armor Level 1  
  127  7:54  Marine  
  127  7:55  Marauder  
  124  8:00  Viking  
  112  8:10  SCV  
  112  8:14  Viking, Marauder, Marine x2  
  112  8:15  Widow Mine  
  112  8:16  Marauder  
  115  8:21  Barracks Tech Lab  
  115  8:24  SCV  
  115  8:25  Orbital Command  
  113  8:27  SCV  
  113  8:30  Barracks Reactor  
  113  8:36  SCV, Ghost Academy  
  113  8:39  SCV  
  115  8:44  Marine  
  115  8:45  Marine, Marauder x3  
  115  8:48  SCV  
  124  8:51  SCV  
  124  8:52  SCV  
  124  8:54  Supply Depot  
  126  9:00  SCV  
  127  9:03  SCV, Widow Mine x2  
  127  9:05  SCV  
  127  9:07  Supply Depot  
  133  9:10  Ghost  
  133  9:11  Ghost  
  133  9:12  SCV  
  133  9:13  Ghost  
  133  9:14  Marine x2  
  133  9:15  SCV  
  133  9:24  SCV x2  
  133  9:27  SCV  
  133  9:28  Bunker  
  133  9:30  Armory, Engineering Bay  
  136  9:34  Viking x2  
  141  9:42  Ghost x2  
  141  9:43  Refinery x2  
  141  9:44  Marine x2  
  146  9:45  Marine  
  146  9:46  Marine  
  148  9:57  SCV x3  
  146  10:07  Marauder, Marine x2  
  146  10:09  SCV  
  146  10:12  Marauder x2  
  153  10:19  Supply Depot  
  153  10:22  Terran Infantry Weapons Level 2, Terran Infantry Armor Level 2  
  153  10:34  Viking x2  
  157  10:43  Marauder x3, Marine x2  
  165  10:54  Command Center  
  165  11:00  Supply Depot x2  
  165  11:10  Marine x2  
  165  11:11  Marauder x3  
  173  11:14  Viking  
  173  11:17  Terran Ship Weapons Level 1  
  173  11:21  Viking  
  173  11:23  Widow Mine x2  
  173  11:24  Marine  
  180  11:32  Marauder x2  
  182  11:36  Marauder, Marine  
  185  11:40  Marine  
  185  11:44  Viking  
  188  11:53  SCV  
  189  12:01  Barracks  
  189  12:02  Barracks  
  189  12:04  Barracks  
  189  12:05  Viking, Ghost x2, SCV x2  
  189  12:07  Supply Depot  
  197  12:17  Sensor Tower  
  197  12:43  Viking x2  
  197  12:44  Terran Infantry Armor Level 3, Terran Infantry Weapons Level 3  
  196  12:45  Planetary Fortress  
  196  12:51  Command Center  
  196  13:14  Terran Ship Weapons Level 2  
  194  13:29  Command Center  
  190  13:40  Barracks Reactor, Barracks Tech Lab x2  
  183  13:45  Viking x2  
  185  13:56  Ghost x2  
  187  14:09  Supply Depot  
  187  14:14  Command Center  
  187  14:23  Sensor Tower  
  187  14:25  Orbital Command  
  187  14:26  Fusion Core, Refinery x2  
  187  14:27  Starport  
  187  14:37  Viking x2  
  188  14:52  Ghost x3  
  194  14:55  Orbital Command  
  194  15:07  Viking x2  
  194  15:10  Orbital Command  
  194  15:13  Starport Reactor, Advanced Ballistics  
  192  15:25  Widow Mine  
  192  15:37  Medivac x2  
  196  15:57  Missile Turret x2  
  196  15:58  Sensor Tower, Missile Turret x2  
  196  16:00  Liberator, Missile Turret  
  196  16:02  Planetary Fortress  
  199  16:04  Command Center  
  199  16:05  Command Center  
  199  16:22  Missile Turret  
  199  16:24  Missile Turret, Terran Ship Weapons Level 3  
  199  16:25  Caduceus Reactor, Missile Turret  
  180  16:50  Liberator x3  
  180  16:51  Liberator  
  180  16:53  Ghost  
  180  16:54  Marine x3, Marauder x4  
  194  17:14  Ghost  
  194  17:15  Marauder x2  
  193  17:19  Marauder, Marine x2  
  185  17:23  Marauder  
  185  17:24  SCV x2  
  185  17:25  SCV x3  
  190  17:33  Orbital Command, Liberator x3  
  199  17:56  Planetary Fortress  
  199  18:02  Refinery  
  199  18:03  Command Center, Refinery  
  199  18:04  Sensor Tower  
  199  18:12  Viking  
  195  18:16  Viking x2  
  199  18:26  Missile Turret  
  199  18:31  Viking  
  198  18:40  Hi-Sec Auto Tracking  
  198  18:42  Viking  
  198  18:46  Viking  
  200  18:55  Marine  
  187  19:00  Viking  
  181  19:09  Ghost x2  
  179  19:10  Ghost x2, Marine x3  
  179  19:11  Marauder, Marine x2  
  179  19:12  Marine  
  179  19:21  Viking x2  
  161  19:28  Marine x2  
  161  19:32  Marauder  
  161  19:39  Marauder x3  
Show
View Real Time Build Order
Export as new Build Order

herO Protoss 

Build Orders: 1 Gate Expand, Blink Stalkers, Carriers, Zealot Archon 

Get SALT Encoding   

  12  0:00  Probe  
  13  0:12  Probe  
  14  0:17  Pylon  
  14  0:24  Probe (Chrono Boost)  
  15  0:37  Gateway, Probe (Chrono Boost)  
  16  0:43  Probe (Chrono Boost)  
  16  0:47  Assimilator  
  17  0:51  Probe  
  18  1:03  Probe  
  19  1:15  Probe  
  20  1:24  Cybernetics Core  
  20  1:32  Nexus  
  20  1:39  Pylon  
  20  1:41  Probe  
  20  1:45  Assimilator  
  21  1:53  Probe  
  22  1:58  Adept (Chrono Boost)  
  22  2:00  Warp Gate  
  24  2:05  Probe  
  25  2:14  Twilight Council  
  25  2:17  Probe  
  25  2:20  Adept  
  28  2:29  Probe  
  29  2:41  Probe  
  29  2:43  Blink (Chrono Boost), Probe  
  31  2:49  Shield Battery  
  31  2:53  Probe  
  31  2:56  Probe  
  33  2:59  Gateway  
  33  3:04  Sentry  
  35  3:09  Gateway  
  35  3:12  Probe  
  36  3:13  Probe  
  37  3:24  Probe, Pylon  
  37  3:25  Probe  
  39  3:36  Probe  
  39  3:37  Probe  
  39  3:39  Robotics Facility  
  41  3:46  Pylon  
  42  3:48  Assimilator, Probe  
  42  3:49  Probe  
  42  3:51  Assimilator  
  42  3:53  Stalker  
  45  4:01  Stalker  
  47  4:03  Stalker  
  47  4:04  Probe  
  47  4:05  Probe  
  47  4:09  Pylon  
  51  4:16  Probe  
  52  4:18  Probe  
  53  4:28  Probe  
  53  4:30  Warp Prism, Probe  
  57  4:31  Templar Archives  
  57  4:40  Probe  
  57  4:42  Probe  
  57  4:43  Stalker  
  57  4:45  Pylon  
  61  4:47  Charge  
  61  5:01  Nexus  
  61  5:04  Shield Battery  
  61  5:06  Observer  
  62  5:13  Psionic Storm  
  62  5:17  Gateway x2, High Templar x2  
  66  5:27  Gateway x2  
  66  5:40  Forge  
  66  5:41  Probe  
  66  5:42  Probe  
  68  5:44  Pylon  
  68  5:52  High Templar  
  68  5:53  Probe  
  68  5:54  Probe  
  68  5:56  Observer  
  73  5:58  Pylon  
  71  6:08  Shield Battery  
  71  6:09  High Templar, Pylon  
  73  6:12  Probe x2  
  73  6:13  Photon Cannon  
  73  6:16  Photon Cannon  
  73  6:17  Protoss Ground Weapons Level 1 (Chrono Boost)  
  75  6:18  Photon Cannon  
  75  6:24  Probe  
  75  6:25  Probe  
  77  6:27  Probe  
  77  6:32  High Templar, Zealot  
  82  6:34  Zealot  
  82  6:38  Probe x2  
  82  6:39  Probe  
  87  6:42  Pylon  
  85  6:50  Stalker x3  
  85  6:52  Probe  
  85  6:53  Probe  
  93  6:54  Probe  
  94  7:02  Robotics Bay, Pylon  
  94  7:03  Zealot  
  94  7:07  Pylon  
  95  7:20  Probe x2  
  95  7:22  Probe  
  96  7:25  Stalker x5  
  96  7:28  Zealot x2  
  104  7:39  Probe x3  
  100  7:47  Archon  
  100  7:48  Zealot x3, Archon  
  100  7:49  Zealot x4  
  100  7:51  Probe  
  114  7:56  Colossus (Chrono Boost)  
  110  8:06  Probe  
  110  8:07  Probe x2  
  111  8:17  Pylon  
  104  8:25  Probe x3  
  107  8:28  Pylon  
  107  8:30  Robotics Bay  
  107  8:32  High Templar, Zealot  
  107  8:33  Zealot  
  113  8:37  Probe  
  113  8:38  Shield Battery  
  113  8:39  Probe x2  
  116  8:44  High Templar, Zealot x3  
  124  8:51  Assimilator  
  124  8:52  Assimilator, Probe x2  
  124  8:53  Pylon  
  124  8:54  Probe  
  127  8:56  Forge  
  127  8:59  Forge  
  127  9:08  Stalker x4  
  133  9:12  Stalker  
  133  9:13  Stalker  
  137  9:23  Observer  
  131  9:24  Probe x3  
  131  9:28  Colossus (Chrono Boost)  
  131  9:30  Protoss Ground Armor Level 1 (Chrono Boost)  
  133  9:33  Zealot  
  133  9:34  Protoss Ground Weapons Level 2 (Chrono Boost), Zealot x2  
  145  9:39  Probe  
  145  9:40  Probe x2  
  148  9:53  Extended Thermal Lance (Chrono Boost)  
  148  9:55  Probe  
  147  10:01  Zealot  
  147  10:06  Observer  
  147  10:10  Zealot  
  147  10:13  Nexus  
  143  10:15  Observer, Pylon  
  143  10:16  Pylon  
  143  10:17  Pylon  
  143  10:20  Stargate, Colossus (Chrono Boost)  
  149  10:32  Pylon  
  149  10:33  Pylon  
  149  10:35  Shield Battery  
  149  10:36  Photon Cannon  
  149  10:37  High Templar x2  
  149  10:41  Stalker  
  155  10:47  Stalker  
  156  10:50  Stalker  
  156  10:54  Stalker x2  
  158  11:03  Observer (Chrono Boost)  
  159  11:05  Pylon  
  159  11:10  Zealot  
  159  11:11  Zealot x3  
  165  11:16  Zealot  
  167  11:20  Fleet Beacon  
  163  11:37  Immortal (Chrono Boost)  
  165  11:40  Zealot x6  
  165  11:46  Stargate  
  177  11:52  Zealot  
  178  11:57  Protoss Air Weapons Level 1  
  176  12:03  High Templar x2  
  176  12:04  Zealot x4  
  176  12:08  Observer  
  188  12:09  Archon  
  188  12:10  Archon  
  188  12:12  Probe x3  
  188  12:14  Assimilator  
  193  12:16  Assimilator  
  193  12:17  Carrier (Chrono Boost)  
  193  12:20  Pylon  
  195  12:32  Observer  
  195  12:36  Zealot x6  
  200  12:38  Carrier (Chrono Boost)  
  198  12:47  Photon Cannon  
  198  12:48  High Templar  
  197  13:12  Stalker  
  193  13:17  Protoss Ground Armor Level 2, Protoss Ground Weapons Level 3  
  193  13:21  Stalker  
  193  13:22  Stalker  
  185  13:37  Observer (Chrono Boost)  
  185  13:38  Carrier x2 (Chrono Boost)  
  172  13:45  Photon Cannon  
  172  13:48  Pylon  
  170  13:59  Nexus  
  170  14:01  Observer  
  164  14:07  Observer (Chrono Boost)  
  164  14:09  Stalker x7  
  177  14:20  Observer (Chrono Boost)  
  177  14:22  Pylon  
  177  14:23  Pylon  
  178  14:27  Carrier x2 (Chrono Boost)  
  178  14:28  Photon Cannon  
  184  14:36  Zealot x2  
  184  14:37  Sentry, Zealot x2  
  179  14:53  Stalker x2  
  179  14:58  Stalker x3  
  189  15:05  High Templar x2  
  193  15:15  Shield Battery  
  193  15:17  Shield Battery  
  185  15:21  Carrier (Chrono Boost)  
  185  15:26  Carrier (Chrono Boost)  
  196  15:36  High Templar x2  
  200  15:48  Photon Cannon  
  200  15:49  Photon Cannon  
  198  15:51  Photon Cannon  
  192  16:03  Protoss Air Weapons Level 2 (Chrono Boost)  
  198  16:10  Mothership (Chrono Boost), High Templar  
  200  16:17  Protoss Ground Armor Level 3  
  198  16:19  Protoss Shields Level 1  
  198  16:23  Observer  
  199  16:27  Pylon  
  199  16:30  Photon Cannon  
  199  16:38  Zealot  
  199  16:39  Zealot x2  
  197  16:43  Stalker x4  
  192  17:01  Stalker x3  
  192  17:05  Gravitic Drive (Chrono Boost)  
  197  17:10  Gateway  
  197  17:12  Gateway  
  173  17:16  Warp Prism (Chrono Boost)  
  173  17:18  Observer  
  165  17:25  Carrier (Chrono Boost)  
  171  17:31  Carrier (Chrono Boost)  
  171  17:34  High Templar x2  
  181  17:48  High Templar  
  183  17:52  Nexus  
  183  17:55  Pylon  
  183  18:01  Stalker x3  
  189  18:07  Warp Prism (Chrono Boost)  
  185  18:26  Zealot x5  
  185  18:27  Zealot  
  185  18:42  Zealot x3  
  185  18:44  Shield Battery  
  189  18:54  Carrier (Chrono Boost)  
  169  19:01  Carrier (Chrono Boost)  
  163  19:06  High Templar  
  163  19:09  High Templar, Zealot x3  
  145  19:15  Stalker  
  141  19:19  Stalker  
  141  19:20  Zealot x2  
Tags
 
Add a new tag
Caveats
  • Supply blocks, unpowered buildings, or Contaminate may cause inaccurate times.
  • Supply counts are checked every 10 seconds.